 Dungeon Crawl Stone Soup version 0.28.0-45-g0d030f2227 (webtiles) character file.

Game seed: 6319317786572886990

4 MisterFreud the Skirmisher (level 1, -3/18 (19) HPs)
             Began as a Palentonga Fighter on Apr 1, 2022.
             Slain by a hobgoblin (4 damage)
             ... on level 2 of the Dungeon.
             The game lasted 00:00:31 (53 turns).

MisterFreud the Skirmisher (Palentonga Fighter)       Turns: 53, Time: 00:00:32

HP:   -3/18 (19)    AC:  6    Str: 19    XL:     1   Next: 58%
MP:   1/1           EV:  7    Int:  8    God:
Gold: 2             SH:  4    Dex:  9    Spells: 0/0 levels left

rFire   . . .      SeeInvis +   a - +0 flail
rCold   . . .      Faith    .   c - +0 buckler
rNeg    . . .      Spirit   .   b - +0 scale mail
rPois   .          Reflect  .   (no helmet)
rElec   .          Harm     .   (no cloak)
rCorr   .          Rampage  .   (no gloves)
Will    .....                   (no barding)
Stlth   ..........              (no amulet)
HPRegen 0.06/turn               (no ring)
MPRegen 0.07/turn               (no ring)

@: mighty, drained
A: large, rugged brown scales 3, see invisible, deformed body, roll 1, armoured
tail
a: Rolling Charge


You were on level 2 of the Dungeon.
You visited 1 branch of the dungeon, and saw 2 of its levels.

You collected 2 gold pieces.

Inventory:

Hand Weapons
 a - a +0 flail (weapon)
Armour
 b - a +0 scale mail (worn)
 c - a +0 buckler (worn)


   Skills:
 - Level 3.0 Fighting
 + Level 2.4 Maces & Flails
 - Level 2.4 Armour
 - Level 2.4 Shields


You couldn't memorise any spells.
You didn't know any spells.
Your spell library was empty.

Dungeon Overview and Level Annotations

Branches:
Dungeon (2/15)

Altars:


Innate Abilities, Weirdness & Mutations

You are completely covered in rugged brown scales. (AC +3, +7% HP)
You have supernaturally acute eyesight. (SInv)
Armour fits poorly on your strangely shaped body.
You can roll at nearby foes to attack.
You have a long armoured tail.


Message History

The hound stops to sniff the ground.
The goblin barely misses you.
You hit the goblin.
You kill the goblin!
The hound bites you.
You miss the hound.
Your tail-slap misses the hound.
The hound bites you but does no damage. The hound barely misses you.
You closely miss the hound. The hound bites you but does no damage.
The hound barely misses you.
You closely miss the hound. The hound bites you. x2
You closely miss the hound.
Your tail-slap misses the hound.
The hound closely misses you.
You closely miss the hound.
Your tail-slap misses the hound.
The hound bites you but does no damage. The hound closely misses you.
Okay, then.
Unknown command.
As you read the scroll labelled MEAJ YQAGI KIN, it crumbles to dust.
You hear a loud clanging noise!
It was a scroll of noise.
You hear a shout!
The hound bites you.
* * * LOW HITPOINT WARNING * * *
The hound completely misses you.
A hobgoblin comes into view.
The hobgoblin shouts!
You feel very mighty all of a sudden. The hound barely misses you.
The hobgoblin hits you but does no damage.
The hound barely misses you.
You sock the hound!
The hound is severely wounded.
The hound bites you.
* * * LOW HITPOINT WARNING * * *
The hobgoblin hits you.
* * * LOW HITPOINT WARNING * * *
The hound bites you but does no damage. You block the hobgoblin's attack.
You sock the hound!
You kill the hound!
The hobgoblin hits you.
You die...

## .. .# .#
.# .#
######.######
#.@†)<.......
#g###.######.
... #.# ###.
#.# #. ..# ##
##. . .


You could see a hobgoblin.

Vanquished Creatures
  A hound (D:2)
  An endoplasm (D:1)
  A goblin (D:2)
  A ball python (D:1)
  A frilled lizard (D:2)
  A rat (D:1)
6 creatures vanquished.

Notes
Turn   | Place    | Note
-------+----------+-------------------------------------------
     0 | D:1      | MisterFreud the Palentonga Fighter began the quest for the
                  | Orb.
     0 | D:1      | Reached XP level 1. HP: 19/19 MP: 1/1
    34 | D:2      | Noticed a hound
    53 | D:2      | Killed a hound
    53 | D:2      | Slain by a hobgoblin

Illustrated notes

Levels and vault maps discovered:
D:1:      ebering_trefoil_3fold, layout_rooms, lemuel_old_faithful
D:2:      layout_loops_ring, serial_shops, nicolae_shop_crystal,
          nicolae_square_shop, chequers_jeans, minmay_pentomino_pile

Action                   || total
-------------------------++-------
Melee: Flail             ||    19
       Tailslap          ||     1
 Abil: Rolling Charge    ||     1
  Use: Scroll            ||     1
       Potion            ||     1
Armor: Scale mail        ||    11
Dodge: Dodged            ||    14
Block: Buckler           ||     5
